 Dungeon Crawl Stone Soup version 0.28.0 (webtiles) character file.

Game seed: 5664720702519913181

14 Ayihk420 the Poker (level 2, 24/24 HPs)
             Began as a Merfolk Cinder Acolyte on Feb 6, 2022.
             Was a High Priest of Ignis.
             Quit the game on level 1 of the Dungeon.
             The game lasted 00:03:25 (429 turns).

Ayihk420 the Poker (Merfolk Cinder Acolyte)          Turns: 429, Time: 00:03:26

Health: 24/24      AC:  2    Str: 14    XL:     2   Next: 41%
Magic:  3/3        EV: 11    Int: 13    God:    Ignis [*****.]
Gold:   0          SH:  0    Dex:  9    Spells: 3/3 levels left

rFire   + . .      SeeInvis .   a - -1 spear (flame)
rCold   . . .      Faith    .   (no shield)
rNeg    . . .      Spirit   .   b - +0 robe
rPois   .          Reflect  .   (no helmet)
rElec   .          Harm     .   (no cloak)
rCorr   .          Rampage  .   (no gloves)
Will    .....                   (no boots)
Stlth   +.........              d - amulet of regeneration
HPRegen 0.88/turn               (no ring)
MPRegen 0.08/turn               (no ring)

@: no status effects
A: (nimble swimmer 2), mertail
a: Renounce Religion, Fiery Armour, Foxfire Swarm, Rising Flame


You were on level 1 of the Dungeon.
You worshipped Ignis.
Ignis was extremely pleased with you.
You visited 1 branch of the dungeon, and saw 1 of its levels.

Inventory:

Hand Weapons
 a - a -1 spear of flaming (weapon)
Missiles
 c - 24 stones (quivered)
 e - 4 atropa-tipped darts
Armour
 b - a +0 robe (worn)
Jewellery
 d - an amulet of regeneration (around neck)


   Skills:
 + Level 3.5 Fighting
 + Level 5.0 Polearms
 + Level 0.2 Throwing
 * Level 1.0 Dodging
 - Level 1.0 Spellcasting
 - Level 2.1 Fire Magic


You had 3 spell levels left.
You didn't know any spells.
Your spell library contained the following spells:

 Spells                   Type           Power      Damage    Failure   Level
 Scorch                   Fire           12%        2d5       17%         2


Dungeon Overview and Level Annotations

Branches:
Dungeon (1/15)

Altars:


Innate Abilities, Weirdness & Mutations

((You are very nimble when in or above water. (Stealth+, EV+, Speed+++)))
Your lower body shifts to a powerful aquatic tail in water.


Message History

The jackal is heavily wounded.
The jackal bites you. The jackal closely misses you.
You hit the jackal. You burn the jackal.
You kill the jackal!
You see here a jackal corpse.
You see here a jackal corpse.
Found a leather armour.
Found a scroll labelled SOUSKU XAHEETS.
You see here a +0 leather armour.
You see here a +0 leather armour.
A ball python comes into view.
Found a stone staircase leading down.
The ball python bites you. The ball python closely misses you.
The ball python closely misses you. The ball python grabs you.
The ball python constricts you.
You hit the ball python but do no damage.
The ball python closely misses you. The ball python constricts you.
You closely miss the ball python.
The ball python bites you but does no damage.
The ball python constricts you.
You hit the ball python. You burn the ball python.
The ball python is severely wounded.
The ball python barely misses you. The ball python constricts you.
You barely miss the ball python.
The ball python is severely wounded.
The ball python closely misses you. The ball python constricts you.
You hit the ball python but do no damage.
The ball python is severely wounded.
The ball python bites you but does no damage.
The ball python constricts you.
You hit the ball python. You burn the ball python.
You kill the ball python!
You see here a ball python corpse.
There is a stone staircase leading down here.
There is a stone staircase leading down here.
You see here a +0 trident.
You see here a +0 club.
You see here a +0 club.
You see here a jackal skeleton.
Are you sure you want to abandon this character and quit the game? (Confirm with "yes".)

#.# ##.##### #.# #......# #.#
##รท####..# #.# #..# #.## ####
###.# #.## #..# ... .?.# #.# #.##
.#######.#####.#######..#########
..........[......................
##.#############@#############.##
#.# #.# #.# #.# #.# #.# #.# #.#
#.# #.# #.# #.# ... ... ... ###
### ###


There were no monsters in sight!

Vanquished Creatures
  4 goblins (D:1)
  A hobgoblin (D:1)
  4 jackals (D:1)
  A ball python (D:1)
  2 rats (D:1)
12 creatures vanquished.

Notes
Turn   | Place    | Note
-------+----------+-------------------------------------------
     0 | D:1      | Ayihk420 the Merfolk Cinder Acolyte began the quest for the
                  | Orb.
     0 | D:1      | Reached XP level 1. HP: 18/18 MP: 2/2
    99 | D:1      | Reached skill level 1 in Dodging
   151 | D:1      | Reached XP level 2. HP: 24/24 MP: 3/3
   196 | D:1      | Reached skill level 5 in Polearms
   429 | D:1      | Quit the game

Illustrated notes

Levels and vault maps discovered:
D:1:      dpeg_arrival_simpleton_a, layout_basic, roderic_lattice_a

Skill      XL: |  1  2 |
---------------+-------+-----
Dodging        | 1 |  1.0
Polearms       | 5 |  5.0
Fighting       | |  3.5
Throwing       | |  0.2
Spellcasting   | |  1.0
Fire Magic     | |  2.1

Action                   || total
-------------------------++-------
Melee: Spear             ||    44
Throw: Stone             ||     5
Armor: Robe              ||     7
Dodge: Dodged            ||    24
